 Dungeon Crawl Stone Soup version 0.15-a0-861-g2f358d9 (webtiles) character file.

184 Amnesiac the Vexing (level 5, 0/31 HPs)
             Began as a Halfling Enchanter on May 16, 2014.
             Slain by an orc
             ... wielding a +0,+0 falchion
              (8 damage)
             ... on Level 4 of the Dungeon.
             The game lasted 00:09:40 (1956 turns).

Amnesiac the Vexing (Halfling Enchanter)            Turns: 1956, Time: 00:09:40

HP   0/31        AC  3     Str  5      XL: 5   Next: 95%
MP   1/7         EV 15     Int 16      God:
Gold 186         SH  0     Dex 17      Spells:  2 memorised,  3 levels left

rFire  . . .     SeeInvis .     x - +0,-2 cutlass
rCold  . . .     Clarity  .     b - +1 robe
rNeg   . . .     Conserve .     (no shield)
rPois  .         rCorr    .     (no helmet)
rElec  .         rRot     .     (no cloak)
SustAb .         Spirit   .     (no gloves)
rMut   +         Warding  .     (no boots)
Gourm  .         Stasis   .     h - amulet of resist mutation
MR     .....                    (no ring)
                                (no ring)

@: about to teleport, very slightly contaminated, not resistant to hostile
enchantments, fairly stealthy
A: mutation resistance 1, slow metabolism 1
a: no special abilities


You were on level 4 of the Dungeon.
You were not hungry.

You visited 1 branch of the dungeon, and saw 6 of its levels.

You collected 186 gold pieces.

Inventory:

Hand weapons
 a - a +1,+1 dagger
 x - a +0,-2 cutlass (weapon)
Missiles
 d - 5 darts
 g - 6 tomahawks (quivered)
Armour
 b - a +1 robe (worn)
Magical devices
 q - a wand of lightning (4) {unknown}
Comestibles
 f - 3 bread rations
 i - 8 strawberries
 k - 2 apples
 s - a beef jerky
 u - a pear
Scrolls
 e - 2 scrolls of identify
 r - a scroll of remove curse
 t - a scroll of magic mapping {unknown}
 v - a scroll of noise {unknown}
 y - a scroll of blinking {unknown}
Jewellery
 h - an amulet of resist mutation (around neck)
 p - an uncursed ring of teleportation
Potions
 n - a potion of flight {unknown}
 w - a potion of restore abilities
Books
 c - a book of Maledictions

   Spells                             Type                      Level
   *Corona                            Hexes                        1
   Sure Blade                         Hexes/Charms                 2
   Ensorcelled Hibernation            Hexes/Ice                    2
   Confuse                            Hexes                        3
   *Dazzling Spray                    Conjuration/Hexes            3
   Enslavement                        Hexes                        4


   Skills:
 - Level 4.0 Short Blades
 - Level 1.3 Throwing
 - Level 2.4 Dodging
 - Level 4.0 Stealth
 - Level 1.5 Spellcasting
 + Level 4.4 Hexes


You had 3 spell levels left.
You knew the following spells:

 Your Spells              Type           Power        Failure   Level  Hunger
a - Corona                Hex            ###....      4%          1    ##.....
e - Dazzling Spray        Conj/Hex       #.......     28%         3    ####...


Dungeon Overview and Level Annotations

Branches:
Dungeon (6/15)
 Temple: D:4-7

Altars:
Ashenzari

Annotations:
D:3 exclusion: adder


Innate Abilities, Weirdness & Mutations

You are small and have problems with some larger weapons.
You are somewhat resistant to further mutation.
You have a slow metabolism.


Message History

Confirm with . or Enter, or press ? or * to list all spells.
Aiming: Dazzling Spray
Press: ? - help, Shift-Dir - straight line, f - orc wizard
Aim: an orc wizard, wielding a dagger and wearing a robe (moving very quickly, inner flame)
The spray of energy misses the orc wizard.
The spray of energy hits the worker ant.
The worker ant is moderately wounded.
The worker ant is dazzled.
The orc wizard closely misses you. The orc wizard casts a spell at you.
The puff of frost hits you! The orc closely misses you.
Casting: Dazzling Spray
Confirm with . or Enter, or press ? or * to list all spells.
Aiming: Dazzling Spray
Press: ? - help, Shift-Dir - straight line, f/p - orc wizard
Aim: an orc wizard, wielding a dagger and wearing a robe (moving very quickly, inner flame)
You miscast Dazzling Spray.
You are very lightly contaminated with residual magic.
The air around you crackles with energy!
The orc wizard barely misses you. The orc hits you with a falchion!
You die...

#g# #.# #..# #.#
##.## #..# #>#
#.##...###..#
#...# ##
#............
...#... ..
...##...###...
###. .##.. ..
........#.[...# ##
## ##.#
########.###.#
.###.### #.# #<#
.#@ow..# .# #.#
######.#o###.# ..
..# #....<..a# #
[### #.####.#.# #.
#.#.##.#.. #
.########..#.#.###
..........###..#
########.## ##.##
#..###...######


You could see a worm (inner flame), a worker ant (inner flame), an orc wizard
(inner flame) and an orc (inner flame).

Vanquished Creatures
  A hound (D:5)
  A worker ant (D:5)
  A hound skeleton (D:5)
  An orc zombie (D:6)
  6 adders
  An inept feature mimic (D:4)
  4 giant geckos
  An ooze (D:1)
  An orc (D:5)
  A giant cockroach (D:3)
  5 hobgoblins
  3 jackals (D:3)
  A ball python (D:2)
  2 bats
  4 giant newts
  4 goblins
  4 kobolds
  An orc skeleton (D:4)
  7 rats
49 creatures vanquished.

Notes
Turn   | Place    | Note
--------------------------------------------------------------
     0 | D:1      | Amnesiac, the Halfling Enchanter, began the quest for the Orb.
     0 | D:1      | Reached XP level 1. HP: 11/11 MP: 2/2
    57 | D:1      | Reached skill level 3 in Stealth
   184 | D:1      | Reached XP level 2. HP: 17/17 MP: 3/3
   354 | D:1      | Reached skill level 4 in Stealth
   657 | D:2      | Reached XP level 3. HP: 21/21 MP: 5/5
   662 | D:2      | Learned a level 3 spell: Dazzling Spray
   955 | D:3      | Reached XP level 4. HP: 25/27 MP: 6/6
  1019 | D:5      | Entered Level 5 of the Dungeon
  1407 | D:5      | Reached XP level 5. HP: 19/31 MP: 2/7
  1781 | D:5      | Found a shattered altar of Ashenzari.
  1956 | D:4      | Slain by an orc

Action                   |  1- 3 |  4- 6 || total
-------------------------+-------+-------++-------
Melee: Dagger            |    21 |    34 ||    55
       Cutlass           |       |     6 ||     6
Throw: Tomahawk          |    60 |    32 ||    92
       Dart              |     7 |    15 ||    22
 Cast: Corona            |     2 |    14 ||    16
       Dazzling Spray    |       |     2 ||     2
  Use: Scroll            |       |     4 ||     4
       Potion            |       |     3 ||     3
 Stab: Sleeping          |     2 |     3 ||     5
